Alex, neutral male gnomish Archeologist @ Alex the Field Worker Experience level: 5 Strength: 12 Dexterity: 14 Constitution: 12 Intelligence: 19 Wisdom: 14 Charisma: 9 Health: 12(39) Energy: 30(30) Def: 0 Gold: 0 Moves: 3043 Dungeon seed: Xmf-fNTFjn8SbVkj Game ID: Alex_1576174653 Your Inventory: Weapons a - a +2 bullwhip l - 8 +0 crossbow bolts p - a +0 orcish dagger Comestibles b - 3 uncursed food rations F - an uncursed partly eaten food ration Scrolls v - an uncursed scroll of blank paper Tools c - a +0 pick-axe d - a tinning kit (0:71) f - an uncursed sack r - a cursed oil lamp (0:1082) w - an uncursed sack Contents of the sack: 179 gold pieces an uncursed potion of gain ability a cursed potion of gain ability a potion of holy water a wand of wishing (0:3) an uncursed aquamarine stone an uncursed touchstone an uncursed worthless piece of red glass an uncursed worthless piece of white glass an uncursed worthless piece of yellowish brown glass Contents of the sack: an uncursed potion of water Spells and supernatural/magical abilities: Name Level Category Fail Memory W - pray for help -- divine ? -- Your skills at the end: Fighting Skills Weapon Skills pick-axe [Basic] whip [Basic] Spellcasting Skills Final Attributes: You were devoutly aligned. You had infravision. You were stealthy. You were swallowed by a purple worm. You were a werejackal. You were fast. You were lucky. You survived after being killed 97 times. Vanquished creatures: a shrieker a gnome lord a straw golem 2 little dogs a rothe an iguana a hobgoblin 4 giant rats a gnome 8 garter snakes 2 gnome zombies a gecko 41 jackals 2 kobolds 3 goblins 2 sewer rats 7 grid bugs a bat a lichen 3 kobold zombies 4 newts 88 creatures vanquished. Voluntary challenges: You were vegetarian. You used a wielded weapon 243 times, starting on turn 45. You read items or engraved 2 times, starting on turn 755. You never genocided any monsters. You never polymorphed an object. You changed form 3 times, starting on turn 2876. You used no wishes. You never split a pudding. You never wrote Elbereth's name. You violated your moral code, losing 31 points of alignment, starting on turn 1301. Dungeon overview: The Dungeons of Doom: levels 1 to 4 Level 1 an altar to Huhetotl, a sink a long staircase Level 2 Level 3 stairs to The Gnomish Mines Level 4 The Gnomish Mines: levels 4 to 6 Level 4 stairs to The Dungeons of Doom Level 5 <- You were here Level 6 a fountain History has recorded: On T:1 you entered the Dungeons of Doom to retrieve the Amulet of Yendor! On T:256 you reached level 2 of The Dungeons of Doom. On T:530 you reached level 3 of The Dungeons of Doom. On T:716 you reached level 4 of The Dungeons of Doom. On T:800 you advanced to experience level 2. On T:1042 you reached level 1 of The Gnomish Mines. On T:1081 you were saved from death by your wizard powers! On T:1127 you advanced to experience level 3. On T:1227 you reached level 2 of The Gnomish Mines. On T:1274 you were saved from death by your wizard powers! On T:1319 you were saved from death by your wizard powers! On T:1340 you were saved from death by your wizard powers! On T:1361 you were saved from death by your wizard powers! On T:1369 you were saved from death by your wizard powers! On T:1376 you were saved from death by your wizard powers! On T:1383 you were saved from death by your wizard powers! On T:1389 you were saved from death by your wizard powers! On T:1396 you were saved from death by your wizard powers! On T:1404 you were saved from death by your wizard powers! On T:1412 you were saved from death by your wizard powers! On T:1442 you were saved from death by your wizard powers! On T:1444 you advanced to experience level 4. On T:1790 you were saved from death by your wizard powers! On T:1804 you were saved from death by your wizard powers! On T:1812 you were saved from death by your wizard powers! On T:1819 you were saved from death by your wizard powers! On T:1824 you were saved from death by your wizard powers! On T:1829 you were saved from death by your wizard powers! On T:1836 you were saved from death by your wizard powers! On T:1846 you were saved from death by your wizard powers! On T:1853 you were saved from death by your wizard powers! On T:1861 you were saved from death by your wizard powers! On T:1870 you were saved from death by your wizard powers! On T:1878 you were saved from death by your wizard powers! On T:1888 you were saved from death by your wizard powers! On T:1895 you were saved from death by your wizard powers! On T:1906 you were saved from death by your wizard powers! On T:1912 you were saved from death by your wizard powers! On T:1921 you were saved from death by your wizard powers! On T:1928 you were saved from death by your wizard powers! On T:1933 you were saved from death by your wizard powers! On T:1944 you were saved from death by your wizard powers! On T:1978 you were saved from death by your wizard powers! On T:1987 you were saved from death by your wizard powers! On T:2031 you were saved from death by your wizard powers! On T:2049 you were saved from death by your wizard powers! On T:2069 you were saved from death by your wizard powers! On T:2086 you were saved from death by your wizard powers! On T:2188 you were saved from death by your wizard powers! On T:2195 you were saved from death by your wizard powers! On T:2204 you were saved from death by your wizard powers! On T:2212 you were saved from death by your wizard powers! On T:2221 you were saved from death by your wizard powers! On T:2239 you were saved from death by your wizard powers! On T:2252 you were saved from death by your wizard powers! On T:2269 you were saved from death by your wizard powers! On T:2284 you were saved from death by your wizard powers! On T:2290 you reached level 3 of The Gnomish Mines. On T:2431 you were saved from death by your wizard powers! On T:2487 you were saved from death by your wizard powers! On T:2492 you were saved from death by your wizard powers! On T:2499 you were saved from death by your wizard powers! On T:2506 you were saved from death by your wizard powers! On T:2514 you were saved from death by your wizard powers! On T:2523 you were saved from death by your wizard powers! On T:2597 you were saved from death by your wizard powers! On T:2627 you were saved from death by your wizard powers! On T:2634 you were saved from death by your wizard powers! On T:2638 you were saved from death by your wizard powers! On T:2642 you were saved from death by your wizard powers! On T:2660 you were saved from death by your wizard powers! On T:2672 you were saved from death by your wizard powers! On T:2686 you were saved from death by your wizard powers! On T:2692 you were saved from death by your wizard powers! On T:2699 you were saved from death by your wizard powers! On T:2707 you were saved from death by your wizard powers! On T:2745 you were saved from death by your wizard powers! On T:2752 you were saved from death by your wizard powers! On T:2760 you were saved from death by your wizard powers! On T:2767 you were saved from death by your wizard powers! On T:2809 you were saved from death by your wizard powers! On T:2826 you were saved from death by your wizard powers! On T:2835 you were saved from death by your wizard powers! On T:2844 you were saved from death by your wizard powers! On T:2853 you were saved from death by your wizard powers! On T:2859 you were saved from death by your wizard powers! On T:2864 you were saved from death by your wizard powers! On T:2869 you were saved from death by your wizard powers! On T:2875 you were saved from death by your wizard powers! On T:2880 you were saved from death by your wizard powers! On T:2884 you were saved from death by your wizard powers! On T:2887 you were saved from death by your wizard powers! On T:2944 you were saved from death by your wizard powers! On T:2951 you were saved from death by your wizard powers! On T:2956 you were saved from death by your wizard powers! On T:2963 you were saved from death by your wizard powers! On T:2967 you were saved from death by your wizard powers! On T:2970 you were saved from death by your wizard powers! On T:2973 you were saved from death by your wizard powers! On T:2976 you were saved from death by your wizard powers! On T:2979 you were saved from death by your wizard powers! On T:2995 you were saved from death by your wizard powers! On T:3000 you were saved from death by your wizard powers! On T:3004 you were saved from death by your wizard powers! On T:3021 you were saved from death by your wizard powers! On T:3033 you advanced to experience level 5. On T:3035 you were saved from death by your wizard powers! On T:3039 you were saved from death by your wizard powers! Score breakdown: Gold: 179 ( 7671 points) Experience: 5 levels (11141 points) Exploration: 6 levels ( 12.50%) ( 9784 points) Discoveries: 4 items ( 1.35%) ( 3481 points) Valuables value: (no points given unless you survive) Artifact value: 0 ( 0 points) Variety of kills: 21 monsters ( 5.51%) ( 7043 points) Turncount: 3043 turns ( -620 points) Survival: quit (score multiplied by 90%) Total score: 34650 Latest messages: The jackal bites! (3x) The purple worm bites! The purple worm engulfs you! The purple worm thoroughly digests you! You hit the purple worm. The purple worm utterly digests you! You die... OK, so you don't die. You survived that attempt on your life. You get regurgitated! Obviously the purple worm doesn't like your taste. The jackal bites! The werejackal bites! The werejackal changes into a human. You miss the purple worm. The jackal bites! (3x) The purple worm bites! The purple worm engulfs you! The purple worm digests you! You hit the purple worm. (2x) The purple worm thoroughly digests you! Final status: Goodbye Alex the Archeologist, quit... You quit in The Gnomish Mines on dungeon level 5 with 34650 points, and 179 pieces of gold, after 3043 moves. You were level 5 with a maximum of 39 hit points when you quit.